 Dungeon Crawl Stone Soup version 0.18.1-6-gd335043 (webtiles) character file.

14760 Guinours the Protected (level 11, -8/89 HPs)
             Began as a Demonspawn Gladiator on May 20, 2016.
             Was the Champion of Jiyva.
             Mangled by a harpy (11 damage)
             ... on level 1 of the Shoals.
             The game lasted 01:09:06 (11202 turns).

Guinours the Protected (Demonspawn Gladiator)      Turns: 11202, Time: 01:09:07

Health: -8/89      AC: 25    Str: 25    XL:     11   Next: 93%
Magic:  0/11       EV: 11    Int:  8    God:    Jiyva [******]
Gold:   298        SH:  0    Dex: 14    Spells: 0 memorised, 10 levels left

rFire  + + .     SeeInvis .     G - +2 quarterstaff (protect)
rCold  x . .     Gourm    .     C - +5 chain mail of Gozag's Whim {rElec}
rNeg   . . .     Faith    .     (shield currently unavailable)
rPois  .         Spirit   +     (helmet restricted)
rElec  +         Dismiss  .     l - +0 cloak
rCorr  +         Reflect  .     i - +0 pair of gloves
SustAt .         Harm     .     (no boots)
MR     +....                    p - amulet of regeneration
Stlth  ..........               D - +3 ring of dexterity
                                r - ring of fire

@: about to teleport, somewhat resistant to hostile enchantments, extremely
unstealthy
A: hooves 1, horns 1, agile 1, fire resistance 1, magic resistance 1, powered by
pain 1, wild magic 1, tendrils, magic shield, sturdy frame 1
a: Request Jelly, Jelly Paralyse, Slimify, Cure Bad Mutation, Renounce Religion


You were on level 1 of the Shoals.
You worshipped Jiyva.
Jiyva was exalted by your worship.
You were completely stuffed.

You visited 4 branches of the dungeon, and saw 15 of its levels.

You collected 358 gold pieces.
You spent 60 gold pieces at shops.

Inventory:

Hand Weapons
 d - the +9 heavy crossbow "Sniper" {velocity, nevermiss, SInv}
   (You found it on level 5 of the Dungeon)

   Any bolt fired from it inflicts extra damage.
   It lets you see invisible.
 G - a +2 quarterstaff of protection (weapon)
Missiles
 c - 23 bolts
 x - a throwing net (quivered)
Armour
 i - a +0 pair of gloves (worn)
 l - a +0 cloak (worn)
 C - the +5 chain mail of Gozag's Whim (worn) {rElec}
   (You found it on level 6 of the Dungeon)

   It insulates you from electricity.
Jewellery
 p - an amulet of regeneration (around neck)
 r - a ring of fire (left hand)
 D - a +3 ring of dexterity (right hand)
 H - an uncursed ring of protection from fire {unknown}
Scrolls
 e - a scroll of fog {unknown}
 g - 2 scrolls of teleportation
 h - a scroll of magic mapping {unknown}
 j - a scroll of enchant weapon {unknown}
 k - a scroll of fear
 o - 4 scrolls of remove curse
 s - a scroll of identify
 t - 3 scrolls of recharging
 A - a scroll of immolation
 B - a scroll of blinking
 F - a scroll of enchant armour {unknown}
 M - a scroll of acquirement {unknown}
Potions
 a - 2 potions of lignification {unknown}
 n - a potion of might {unknown}
 q - 2 potions of agility {unknown}
 z - a potion of cure mutation {unknown}
 L - a potion of degeneration {unknown}
Comestibles
 f - 8 bread rations
 m - a royal jelly
 u - 2 meat rations
 v - 2 beef jerkies
 w - 11 fruits


   Skills:
 + Level 9.2 Fighting
 + Level 9.8 Staves
 + Level 1.8 Throwing
 * Level 12.5 Armour
 + Level 2.9 Dodging
 - Level 0.2 Stealth


You had 10 spell levels left.
You didn't know any spells.

Dungeon Overview and Level Annotations

Branches:
Dungeon (10/15)            Temple (1/1) D:7            Lair (3/8) D:9
 Shoals (1/4) Lair:3
  Snake: Lair:3-6    Spider: Lair:3-6       Orc: D:9-12

Altars:
Ashenzari
Cheibriados
Dithmenos
Elyvilon
Fedhas
Gozag
Kikubaaqudgha
Makhleb
Nemelex Xobeh
Okawaru
Pakellas
Qazlal
Ru
Sif Muna
Trog
Vehumet
Xom
Yredelemnul
Zin
The Shining One
Jiyva

Shops:
D:4 !   D:6 [   D:8 (


Innate Abilities, Weirdness & Mutations

You have large cloven feet.
You sometimes gain a little power by taking damage.
When hurt, damage is shared between your health and your magic reserves.
Your movements are slightly less encumbered by armour (ER -2).
You have a pair of small horns on your head.
You are agile. (Dex +2)
Your flesh is heat resistant.
You are resistant to hostile enchantments.
Your spells are a little harder to cast, but a little more powerful.
You are covered in slimy tendrils that may disarm your opponents.


Message History

* * * LOW HITPOINT WARNING * * *
The harpy claws you but does no damage. The sea snake misses you.
The water nymph gestures at you while chanting.
The water swirls and strikes you!
* * * LOW HITPOINT WARNING * * *
The harpy barely misses you. The harpy claws you but does no damage.
The sea snake bites you.
You are more poisoned.
The sea snake poisons you!
Drink which item? (? for menu, Esc to quit)
You feel better.
The harpy claws you but does no damage. x2
The harpy claws you!
* * * LOW HITPOINT WARNING * * *
The harpy claws you but does no damage. x2; The harpy barely misses you.
The sea snake barely misses you.
The sea snake bites you but does no damage.
Unknown command.
The harpy screeches! x2
The harpy claws you!
You die...

≈≈≈≈≈≈.....# ##.###.≈≈...
≈≈≈≈≈≈....####..# #......
≈≈≈......###....# #.....#
≈≈≈.....####....####.)..#
≈≈≈≈≈..S###.....#........
≈≈≈≈.............<...≈≈..
≈≈≈≈≈≈≈≈...≈.....≈....≈..
≈≈≈≈≈≈≈≈.H.≈≈≈..≈≈≈..≈≈..
≈≈≈≈≈≈≈≈@H≈≈≈≈..≈≈≈≈≈≈..#
≈≈≈≈≈≈≈≈≈≈H≈≈≈.≈≈≈≈≈≈≈.##
≈≈≈≈≈≈≈SSm≈≈≈...≈≈≈≈≈≈≈.#
≈≈≈≈≈≈≈≈..≈.....≈≈≈≈≈≈≈..
≈≈≈≈≈≈≈≈..≈≈≈...≈.≈≈≈≈≈≈.
≈≈≈≈≈≈≈≈≈≈≈....
≈≈≈≈≈≈≈≈≈..≈≈..
≈≈≈≈≈.≈≈......≈
≈≈≈≈≈.....≈..≈≈


You could see 3 sea snakes, a water nymph and 3 harpies.

Vanquished Creatures
  The ghost of Yermak the Severer, a journeyman HOAE of Beogh (Lair:2)
  2 hydras
  3 death yaks (Lair:2)
  A sea snake (Shoals:1)
  2 griffons
  A manticore (Lair:3)
  2 spiny frogs
  2 komodo dragons
  2 trolls
  A merfolk (Shoals:1)
  A snapping turtle (Shoals:1)
  3 blink frogs (Lair:2)
  4 yaks (D:9)
  A basilisk (Lair:1)
  3 hippogriffs
  2 porcupines (Lair:1)
  3 water moccasins
  An orc warrior (D:9)
  3 ice beasts
  3 sky beasts
  A black bear (D:7)
  A necrophage (D:8)
  2 phantoms
  9 ogres
  A centaur (D:6)
  4 crocodiles
  12 big kobolds
  12 giant frogs
  5 killer bees (D:8)
  An electric eel (Lair:2)
  3 howler monkeys (D:7)
  4 crimson imps
  4 hounds
  A quasit (D:5)
  A centaur zombie (D:5)
  A giant frog zombie (D:6)
  An orc priest (D:7)
  Natasha (twice) (D:2)
  4 orc wizards
  6 iguanas
  10 worker ants
  2 howler monkey zombies
  2 worker ant zombies
  4 adders
  24 river rats
  A shadow imp (D:8)
  An ooze (D:2)
  3 adder skeletons
  2 worms
  2 dart slugs (D:1)
  2 giant geckos
  12 orcs
  14 bats
  2 giant cockroaches
  11 hobgoblins
  4 jackals (D:4)
  3 giant newts
  10 goblins
  26 kobolds
  14 rats
265 creatures vanquished.

Vanquished Creatures (others)
  An orc warrior (D:8)
  A phantom (D:4)
  A crocodile (Lair:1)
  3 giant frogs
  34 jellies
  2 howler monkeys (D:7)
  A crimson imp (D:9)
  A hound (D:7)
  3 orc priests
  A giant frog skeleton (D:4)
  4 iguanas
  A killer bee zombie (D:6)
  2 gnolls (D:3)
  11 river rats
  2 shadow imps
  2 adder skeletons
  A giant gecko (D:5)
  8 orcs
  A giant cockroach (D:7)
  A ball python (D:5)
  A giant newt (D:3)
  A kobold (D:3)
  A quokka zombie (D:8)
  2 rats (Lair:3)
  12 fungi
  A plant (Lair:2)
99 creatures vanquished.

Grand Total: 364 creatures vanquished

Notes
Turn   | Place    | Note
--------------------------------------------------------------
     0 | D:1      | Guinours the Demonspawn Gladiator began the quest for the Orb.
     0 | D:1      | Reached XP level 1. HP: 16/16 MP: 1/1
   304 | D:1      | Gained mutation: You sometimes gain a little power by taking damage. [demonic ancestry]
   304 | D:1      | Reached XP level 2. HP: 21/22 MP: 2/2
   430 | D:1      | Reached skill level 1 in Armour
   810 | D:1      | Gained mutation: You have large cloven feet. [demonic ancestry]
   810 | D:1      | Reached XP level 3. HP: 27/27 MP: 3/3
  1500 | D:2      | Reached XP level 4. HP: 29/34 MP: 4/4
  1579 | D:2      | Noticed Natasha
  1591 | D:2      | Killed Natasha
  1591 | D:2      | Reached skill level 2 in Armour
  1820 | D:2      | Noticed Natasha
  1836 | D:2      | Killed Natasha
  1963 | D:3      | Reached XP level 5. HP: 35/41 MP: 5/5
  2071 | D:3      | Found a faded altar to an unknown god.
  2096 | D:3      | Became a worshipper of Jiyva Jizolat the Shapeless
  2096 | D:3      | Reached * piety under Jiyva
  2244 | D:3      | Reached ** piety under Jiyva
  2312 | D:3      | Found an oddly glowing altar of Pakellas.
  2312 | D:3      | Noticed a phantom
  2389 | D:3      | Killed a phantom
  2389 | D:3      | Reached skill level 3 in Armour
  2504 | D:4      | Reached XP level 6. HP: 47/47 MP: 6/6
  2618 | D:4      | Found Qiogom's Distillery.
  2624 | D:4      | Bought a potion of heal wounds for 60 gold pieces
  2804 | D:4      | Reached skill level 4 in Armour
  2868 | D:4      | Reached *** piety under Jiyva
  3240 | D:4      | Found a blossoming altar of Fedhas.
  3559 | D:5      | Entered Level 5 of the Dungeon
  3577 | D:5      | Reached XP level 7. HP: 53/53 MP: 7/7
  3638 | D:5      | Found a glowing golden altar of the Shining One.
  3660 | D:5      | Reached skill level 5 in Staves
  3677 | D:5      | Gained mutation: You have supernaturally acute eyesight. [Jiyva's grace]
  3688 | D:5      | Found a sacrificial altar of Ru.
  3893 | D:5      | Reached skill level 5 in Armour
  4043 | D:5      | Found an iron altar of Okawaru.
  4046 | D:5      | Found a sacrificial altar of Ru.
  4049 | D:5      | Found a snail-covered altar of Cheibriados.
  4061 | D:5      | Found a burning altar of Makhleb.
  4171 | D:6      | Reached XP level 8. HP: 25/60 MP: 8/8
  4191 | D:6      | Reached skill level 6 in Armour
  4440 | D:6      | Got a bloodstained chain mail
  4441 | D:6      | Identified the +5 chain mail of Gozag's Whim {rElec} (You found it on level 6 of the Dungeon)
  4590 | D:6      | Found a shimmering altar of Xom.
  4592 | D:6      | Found a shimmering altar of Xom.
  4592 | D:6      | Reached **** piety under Jiyva
  4593 | D:6      | Found a shimmering altar of Xom.
  4594 | D:6      | Found a shimmering altar of Xom.
  4617 | D:6      | Gained mutation: You have a small jelly attached to you that senses nearby items. [Jiyva's grace]
  4671 | D:6      | Reached skill level 7 in Armour
  4906 | D:6      | Found Nurex's Antique Armour Boutique.
  5121 | D:7      | Reached skill level 5 in Fighting
  5133 | D:7      | Found a stormy altar of Qazlal.
  5166 | D:7      | Noticed a troll
  5182 | D:7      | Killed a troll
  5291 | D:7      | Gained mutation: Your movements are slightly less encumbered by armour (ER -2). [demonic ancestry]
  5291 | D:7      | Reached XP level 9. HP: 47/68 MP: 6/9
  5303 | D:7      | Lost mutation: You have a small jelly attached to you that senses nearby items. [Jiyva's grace]
  5619 | D:7      | Found a staircase to the Ecumenical Temple.
  5722 | D:7      | Found a sparkling altar of Nemelex Xobeh.
  5733 | D:7      | Reached skill level 8 in Armour
  6094 | D:8      | Reached ***** piety under Jiyva
  6126 | D:8      | Gained mutation: You are agile. (Dex +2) [Jiyva's grace]
  6239 | D:8      | Found a white marble altar of Elyvilon.
  6455 | D:8      | Reached skill level 9 in Armour
  6520 | D:8      | Gained mutation: When hurt, damage is shared between your health and your magic reserves. [demonic ancestry]
  6520 | D:8      | Reached XP level 10. HP: 71/77 MP: 10/10
  6568 | D:8      | Gained mutation: You have a pair of small horns on your head. [Jiyva's grace]
  6574 | D:8      | Lost mutation: You are agile. (Dex +2) [Jiyva's grace]
  6576 | D:8      | Reached ****** piety under Jiyva
  6586 | D:8      | Gained mutation: You are covered in slimy tendrils that may disarm your opponents. [Jiyva's grace]
  6588 | D:8      | Found an opulent altar of Gozag.
  6622 | D:8      | Found a glowing golden altar of the Shining One.
  6720 | D:8      | Found Itiamp's Antique Weapon Boutique.
  7297 | D:9      | Lost mutation: You have a pair of small horns on your head. [Jiyva's grace]
  7443 | D:9      | Lost mutation: You have supernaturally acute eyesight. [Jiyva's grace]
  7695 | D:9      | Found an opulent altar of Gozag.
  7814 | D:9      | Found a shadowy altar of Dithmenos.
  7848 | D:9      | Found a staircase to the Lair.
  7945 | D:10     | Entered Level 10 of the Dungeon
  8016 | Temple   | Entered the Ecumenical Temple
  8306 | Lair:1   | Entered Level 1 of the Lair of Beasts
  8458 | Lair:1   | Reached skill level 10 in Armour
  8507 | Lair:1   | Gained mutation: You are resistant to hostile enchantments. [Jiyva's grace]
  9093 | Lair:1   | Gained mutation: Your spells are a little harder to cast, but a little more powerful. [Jiyva's grace]
  9169 | Lair:1   | Noticed a spiny frog
  9188 | Lair:1   | Killed a spiny frog
  9536 | Lair:2   | Noticed Yermak's ghost (journeyman HOAE)
  9538 | Lair:2   | Noticed a five-headed hydra
  9631 | Lair:1   | Killed a five-headed hydra
  9631 | Lair:1   | Reached XP level 11. HP: 17/86 MP: 1/11
  9815 | Lair:2   | Killed Yermak's ghost
  9815 | Lair:2   | Reached skill level 11 in Armour
  9857 | Lair:2   | Gained mutation: You have a pair of small horns on your head. [Jiyva's grace]
 10241 | Lair:2   | Noticed an eight-headed hydra
 10255 | Lair:2   | Killed an eight-headed hydra
 10582 | Lair:3   | Noticed a death yak
 10583 | Lair:3   | Noticed a death yak
 10585 | Lair:3   | Noticed a death yak
 10614 | Lair:2   | Killed a death yak
 10618 | Lair:2   | Killed a death yak
 10625 | Lair:2   | Killed a death yak
 10625 | Lair:2   | Reached skill level 12 in Armour
 10782 | Lair:3   | Gained mutation: Your flesh is heat resistant. [Jiyva's grace]
 10808 | Lair:3   | Found a staircase to the Shoals.
 10809 | Lair:3   | Noticed a griffon
 10842 | Lair:3   | Killed a griffon
 10918 | Shoals:1 | Entered Level 1 of the Shoals
 10964 | Shoals:1 | Noticed a griffon
 10974 | Shoals:1 | Killed a griffon
 10989 | Shoals:1 | Noticed a sea snake
 11009 | Shoals:1 | Killed a sea snake
 11194 | Shoals:1 | Noticed a sea snake
 11194 | Shoals:1 | Noticed a sea snake
 11196 | Shoals:1 | Noticed a harpy
 11197 | Shoals:1 | Noticed a harpy
 11197 | Shoals:1 | Gained mutation: You are agile. (Dex +2) [Jiyva's grace]
 11198 | Shoals:1 | Noticed a harpy
 11200 | Shoals:1 | Noticed a sea snake
 11200 | Shoals:1 | HP: 4/89 [harpy (2)]
 11202 | Shoals:1 | Mangled by a harpy

Skill      XL: |  1  2  3  4  5  6  7  8  9 10 11 |
---------------+----------------------------------+-----
Staves         | 3 4 5 6 7 9 |  9.8
Armour         | 1 2 3 4 5 7 9 10 12 | 12.5
Fighting       | 3 4 5 6 8 9 |  9.2
Throwing       | |  1.8
Dodging        | |  2.9
Stealth        | |  0.2

Action                   |  1- 3 |  4- 6 |  7- 9 | 10-12 || total
-------------------------+-------+-------+-------+-------++-------
Melee: Quarterstaff      |   155 |   174 |   520 |   538 ||  1387
       Kick              |    18 |    48 |   162 |   199 ||   427
       Headbutt          |       |       |       |    51 ||    51
Invok: Request Jelly     |       |     3 |     4 |     3 ||    10
       Slimify           |       |       |     1 |       ||     1
       Cure Bad Mutation |       |       |       |     1 ||     1
  Use: Scroll            |     1 |     4 |     4 |     4 ||    13
       Potion            |       |       |     2 |     4 ||     6
  Eat: Chunk             |     2 |     2 |       |       ||     4
       Bread ration      |       |     1 |       |       ||     1
Armor: Plate armour      |   160 |   126 |   166 |       ||   452
       Chain mail        |       |       |   255 |   542 ||   797
Dodge: Dodged            |    35 |    47 |   251 |   412 ||   745
Block: Other             |     5 |     3 |       |       ||     8
       Reflection        |       |     1 |       |       ||     1
